 Dungeon Crawl Stone Soup version 0.30.2 (webtiles) character file.

Game seed: 9849044795019465035

1250683 CrazyMind the Ruinous (level 26, 181/181 HPs)
             Began as a Demonspawn Conjurer on Jan 8, 2024.
             Was an Initiate of Gozag.
             Escaped with the Orb
             ... and 3 runes on Feb 17, 2024!
             The game lasted 15:01:36 (146591 turns).

CrazyMind the Ruinous (Demonspawn Conjurer)       Turns: 146591, Time: 15:01:37

Health: 181/181    AC: 21    Str:  8    XL:     26   Next: 65%
Magic:  49/49      EV: 13    Int: 26    God:    Gozag
Gold:   1872       SH: 18    Dex: 11    Spells: 2/69 levels left

rFire   + + .        u - +6 quick blade "Ithrethrokh" {heavy, rElec Will+}
rCold   + . .        y - +5 kite shield {reflect}
rNeg    + + +        R - +3 leather armour {rPois}
rPois   +            w - +2 hood of the Assassin {Detect Stab+ Stlth++}
rElec   +            g - +4 dragonskin cloak
rCorr   .            (gloves unavailable)
SInv    +            J - +2 pair of boots
Will    +++..        D - amulet of Red Wine {RegenMP rF++ rN+++ Str-4 Int-2}
Stlth   ++           P - ring of Ymowed {rC+ SInv}
HPRegen 0.50/turn    q - ring of willpower
MPRegen 0.71/turn

%: reflection
@: studying 2 skills
A: claws 3, thin metallic scales 3, powered by death 3, powered by pain 3,
augmentation 2, talons 1, frail 1, devolution 1
0: Orb of Zot
}: 3/15 runes: decaying, serpentine, silver
a: Renounce Religion, Potion Petition, Call Merchant, Bribe Branch


You escaped.
You worshipped Gozag.
Gozag was most pleased with you.
You visited 12 branches of the dungeon, and saw 52 of its levels.
You also visited: Bailey and Ice Cave.

You collected 29968 gold pieces.
You spent 5052 gold pieces at shops.
You paid 23044 gold pieces to Gozag.

Inventory:

Hand Weapons
 u - the +6 quick blade "Ithrethrokh" (weapon) {heavy, rElec Will+}
   (You acquired it on level 2 of the Orcish Mines)

   rElec:     It insulates you from electricity.
   Will:      It increases your willpower.
 K - the +11 dagger "Rurroiph" {freeze, rC+ rN+ Int+3}
   (You found it on level 2 of the Crypt)

   Int:       It affects your intelligence (+3).
   rC:        It protects you from cold.
   rN:        It protects you from negative energy.
Missiles
 h - 7 throwing nets
 l - 53 boomerangs
 m - 12 atropa-tipped darts
 C - 38 poisoned darts (quivered)
 F - 5 silver javelins
 G - 26 javelins
 O - a curare-tipped dart
Armour
 g - the +4 dragonskin cloak (worn)
   (You took it off Tiamat on level 1 of the Realm of Zot)

   Avatar's Aegis: It grants the wearer a chance to resist fire, cold, poison,
   electricity, acid, and negative energy.
 w - the +2 hood of the Assassin (worn) {Detect Stab+ Stlth++}
   (You bought it in a shop on level 2 of the Orcish Mines)

   Detect:    It allows the wearer to sense nearby creatures.
   Stab+:     It allows the wearer to make particularly effective stabbing
   attacks against helpless or unaware enemies with any weapon.
   Stlth:     It makes you much more stealthy.
 y - a +5 kite shield of reflection (worn)
 J - a +2 pair of boots (worn)
 R - a +3 leather armour of poison resistance (worn)
Jewellery
 c - the ring of the Duchess {rN+ rCorr Str+6 Stlth+}
   (You took it off a fire giant on level 2 of the Depths)

   [ring of strength]

   Str:       It affects your strength (+6).
   rN:        It protects you from negative energy.
   rCorr:     It protects you from acid and corrosion.
   Stlth:     It makes you more stealthy.
 f - a ring of protection from fire
 q - a ring of willpower (right claw)
 v - a ring of fire
 D - the amulet of Red Wine (around neck) {RegenMP rF++ rN+++ Str-4 Int-2}
   (You found it on level 4 of the Dungeon)

   [amulet of magic regeneration]

   It increases your rate of magic regeneration.
   Str:       It affects your strength (-4).
   Int:       It affects your intelligence (-2).
   rF:        It greatly protects you from fire.
   rN:        It renders you almost immune to negative energy.
 I - a ring of positive energy
 M - a ring of flight
 P - the ring of Ymowed (left claw) {rC+ SInv}
   (You took it off a vault guard on level 5 of the Vaults)

   [ring of see invisible]

   rC:        It protects you from cold.
   SInv:      It lets you see invisible.
 T - the ring "Seohis" {Fly rC+ rN+}
   (You acquired it on level 3 of the Elven Halls)

   [ring of positive energy]

   rC:        It protects you from cold.
   rN:        It protects you from negative energy.
   Fly:       It grants you flight.
 W - a ring of willpower
Wands
 n - a wand of iceblast (57)
 A - a wand of acid (51)
 L - a wand of flame (12)
 N - a wand of digging (19)
Scrolls
 i - a scroll of magic mapping
 j - 11 scrolls of blinking
 s - 20 scrolls of teleportation
 B - 6 scrolls of fog
 E - a scroll of vulnerability
 Q - 9 scrolls of poison
 S - 2 scrolls of enchant armour
 X - 5 scrolls of silence
 Y - a scroll of butterflies
Potions
 a - 2 potions of cancellation
 b - 5 potions of magic
 d - 11 potions of heal wounds
 e - 12 potions of might
 k - 5 potions of haste
 o - 7 potions of brilliance
 p - a potion of ambrosia
 z - 23 potions of curing
 H - 7 potions of berserk rage
 U - 8 potions of resistance
 V - 3 potions of invisibility
 Z - 12 potions of flight
Miscellaneous
 r - a box of beasts
 x - a phantom mirror


   Skills:
 * Level 15.4 Fighting
 + Level 6.7 Short Blades
 + Level 4.0 Throwing
 + Level 8.6 Armour
 + Level 8.9 Dodging
 + Level 7.9 Stealth
 + Level 15.1 Shields
 + Level 22.2 Spellcasting
 + Level 22.5 Conjurations
 + Level 12.2 Hexes
 * Level 12.3 Summonings
 + Level 7.3 Translocations
 + Level 5.3 Transmutations
 + Level 11.5 Fire Magic
 + Level 0.1 Air Magic
 * Level 12.7 Earth Magic
 + Level 3.0 Poison Magic
 + Level 1.5 Evocations


You had 2 spell levels left.
You knew the following spells:

 Your Spells              Type           Power      Damage    Failure   Level
a - Tukima's Dance        Hex            100%       N/A       1%          3
b - Fireball              Conj/Fire      59%        3d23      1%          5
c - Dazzling Flash        Conj/Hex       100%       N/A       0%          3
d - Iskenderun's Mystic   Conj/Tloc      100%       2d19      1%          4
e - Blink                 Tloc           100%       N/A       1%          2
f - Fulminant Prism       Conj/Hex       60%        3d26      1%          4
g - Iron Shot             Conj/Erth      60%        9d11      1%          6
h - Mephitic Cloud        Conj/Pois/Air  93%        N/A       1%          3
i - Passwall              Tmut/Erth      79%        N/A       1%          2
j - Yara's Violent Unrav  Hex/Tmut       47%        3d18      3%          5
k - Olgreb's Toxic Radia  Pois           69%        N/A       12%         4
l - Summon Mana Viper     Hex/Summ       100%       N/A       1%          5
m - Necromutation         Tmut/Necr      33%        N/A       100%        8
n - Starburst             Conj/Fire      59%        6d16      1%          6
o - Orb of Destruction    Conj           66%        9d16      1%          7

Your spell library contained the following spells:

 Spells                   Type           Power      Damage    Failure   Level
 Magic Dart               Conj           100%       1d8       0%          1
 Momentum Strike          Conj/Tloc      100%       3d10      0%          2
 Searing Ray              Conj           100%       2d8       0%          2
 Kiss of Death            Conj/Necr      100%       2d13      1%          1
 Sandblast                Erth           100%       2d20      1%          1
 Shock                    Conj/Air       100%       1d9       1%          1
 Slow                     Hex            100%       N/A       1%          1
 Sting                    Tmut/Pois      100%       1d8       1%          1
 Summon Small Mammal      Summ           100%       N/A       1%          1
 Call Imp                 Summ           100%       N/A       1%          2
 Ensorcelled Hibernation  Hex/Ice        100%       N/A       1%          2
 Lesser Beckoning         Tloc           100%       N/A       1%          2
 Scorch                   Fire           100%       2d9       1%          2
 Static Discharge         Conj/Air       100%       2-7/arc   1%          2
 Poisonous Vapours        Pois/Air       100%       N/A       3%          2
 Cigotuvi's Dreadful Rot  Necr/Pois/Air  100%       N/A       4%          2
 Stone Arrow              Conj/Erth      100%       3d13      0%          3
 Iskenderun's Battlesphe  Conj           100%       2d15      0%          5
 Call Canine Familiar     Summ           100%       N/A       1%          3
 Confusing Touch          Hex            100%       N/A       1%          3
 Gell's Gravitas          Tloc           88%        N/A       1%          3
 Hailstorm                Conj/Ice       100%       3d20      1%          3
 Ignite Poison            Fire/Tmut/Pois 85%        N/A       1%          3
 Inner Flame              Hex/Fire       100%       N/A       1%          3
 Portal Projectile        Hex/Tloc       100%       N/A       1%          3
 Summon Guardian Golem    Hex/Summ       100%       N/A       1%          3
 Teleport Other           Tloc           88%        N/A       1%          3
 Volatile Blastmotes      Fire/Tloc      100%       2d18      1%          3
 Animate Armour           Summ/Erth      100%       N/A       1%          4
 Flame Wave               Conj/Fire      100%       2d21      1%          4
 Leda's Liquefaction      Hex/Erth       53%        N/A       1%          4
 Manifold Assault         Tloc           88%        N/A       1%          4
 Passage of Golubria      Tloc           88%        N/A       1%          4
 Petrify                  Tmut/Erth      95%        N/A       1%          4
 Arcjolt                  Conj/Air       51%        1d61      1%          5
 Lee's Rapid Deconstruct  Erth           53%        3d25*     1%          5
 Summon Forest            Summ/Tloc      48%        N/A       1%          5
 Spider Form              Tmut/Pois      74%        N/A       2%          3
 Vhi's Electric Charge    Tloc/Air       100%       N/A       2%          3
 Spellforged Servitor     Conj/Summ      60%        N/A       2%          7
 Anguish                  Hex/Necr       41%        N/A       3%          4
 Summon Lightning Spire   Summ/Air       84%        N/A       3%          4
 Summon Cactus Giant      Summ           53%        N/A       4%          6
 Freezing Cloud           Conj/Ice/Air   44%        6-21      5%          5
 Conjure Ball Lightning   Conj/Air       51%        3x3d18    6%          6
 Borgnjor's Vile Clutch   Necr/Erth      42%        N/A       9%          5
 Silence                  Hex/Air        41%        N/A       9%          5
 Metabolic Englaciation   Hex/Ice        41%        N/A       10%         5
 Swiftness                Air            52%        N/A       12%         3
 Vampiric Draining        Necr           51%        2d9       13%         3
 Blade Hands              Tmut           40%        N/A       13%         5
 Ice Form                 Ice/Tmut       67%        N/A       14%         4
 Statue Form              Tmut/Erth      63%        N/A       16%         6
 Lehudib's Crystal Spear  Conj/Erth      60%        10d14     19%         8
 Monstrous Menagerie      Summ           53%        N/A       22%         7
 Enfeeble                 Hex            52%        N/A       24%         7
 Dispersal                Tloc           44%        N/A       30%         6
 Airstrike                Air            26%        2d(4-20)  36%         4
 Dispel Undead            Necr           51%        3d19      38%         4
 Plasma Beam              Fire/Air       41%        2x1d60    50%         6
 Malign Gateway           Summ/Tloc      48%        N/A       52%         7
 Agony                    Necr           51%        N/A       75%         5
 Summon Horrible Things   Summ           53%        N/A       87%         8
 Discord                  Hex            52%        N/A       88%         8
 Ignition                 Fire           51%        3d14      94%         8
 Death Channel            Necr           25%        N/A       100%        6
 Ozocubu's Refrigeration  Ice            25%        4d13      100%        7
 Storm Form               Tmut/Air       33%        N/A       100%        7
 Disjunction              Tloc           44%        N/A       100%        8
 Infestation              Necr           25%        N/A       100%        8
 Chain Lightning          Conj/Air       51%        3d68      100%        9
 Polar Vortex             Ice            25%        N/A       100%        9
 Animate Dead             Necr           Unusable   N/A       N/A         4
 Simulacrum               Ice/Necr       Unusable   N/A       N/A         6

Dungeon Overview and Level Annotations

Branches:
Dungeon (15/15)            Temple (1/1) D:6            Lair (5/5) D:9
  Swamp (4/4) Lair:2        Snake (4/4) Lair:3        Slime (0/5) Lair:4
    Orc (2/2) D:11            Elf (3/3) Orc:2        Vaults (5/5) D:14
  Crypt (3/3) Vaults:2       Tomb (0/3) Crypt:3      Depths (4/4) D:15
   Hell (visited)             Dis (0/7) Hell            Geh (0/7) Hell
    Coc (0/7) Hell            Tar (0/7) Hell            Zot (5/5) Depths:4
 Bailey (visited)           IceCv (visited)

Altars:
Ashenzari
Cheibriados
Dithmenos
Fedhas
Gozag
Hepliaklqana
Kikubaaqudgha
Makhleb
Nemelex Xobeh
Okawaru
Qazlal
Ru
Sif Muna
Trog
Uskayaw
Vehumet
Wu Jian
Xom
Yredelemnul
Jiyva

Shops:
D:7 *!   D:8 [   D:14 ?   Orc:1 (   Orc:2 *=([[   Elf:1 [   Elf:3 :
Lair:1 [*[:[**!::!   Vaults:1 (   Vaults:3 [   Depths:4 :==

Portals:
Hell: Depths:1 Depths:2 Depths:3 Depths:4
Abyss: Depths:3
Pandemonium: Depths:2
Ziggurat: Depths:1


Innate Abilities, Weirdness & Mutations

You have claws for hands.
You are completely covered in thin metallic scales. (AC +4, rElec)
You regenerate a lot of health from kills.
You are powered by pain.
Your magical and physical power is enhanced at high health.
You have sharp toenails.
You are frail. (-10% HP)
You have hidden genetic defects.


Message History

a +0 leather armour; a +0 whip You see here 3 stones.
A shadow demon comes into view.
Casting: Iron Shot (mildly dangerous; 1% risk of failure)
Confirm with . or Enter, or press ? or * to list all spells.
Aiming: Orb of Destruction (mildly dangerous; 1% risk of failure)
Press: ? - help, Shift-Dir - straight line, f - shadow demon
Aim: a shadow demon The orb of destruction hits the shadow demon!!!!
You blow up the shadow demon!
A golden eye comes into view.
The golden eye moves out of view.
There is a stone staircase leading up here.
You climb upwards.
There is a stone staircase leading down here.
(D) Dungeon (T) Temple (L) Lair (S) Swamp (P) Snake Pit (M) Slime Pits (O) Orcish Mines (E) Elven Halls (V) Vaults (C) Crypt (W) Tomb (U) Depths (H) Hell (I) Dis (G) Gehenna (X) Cocytus (Y) Tartarus (Z) Zot
Where to? (Enter - D:1, ? - help)
What level of the Dungeon? (default 1, ? - help) Magic restored.
Things that are here:
a +0 club; a +0 spear; a +0 spear
There is a stone staircase leading up here.
You climb upwards.
There is a stone staircase leading down here.
You see here a +0 club.
There is a stone staircase leading up, spattered with blood here.
You climb upwards.
There is a stone staircase leading down here.
There is a stone staircase leading up here.
You climb upwards.
There is a stone staircase leading down here.
A Hell Sentinel comes into view.
The Hell Sentinel moves out of view.
There is a staircase leading out of the dungeon here.
You can't go down here!
You have escaped!

...# #.......>......).......#...
...# #.........1.####..#..#....#
...####...........# #..##.......
...'..#...........# #..##.#.####
...####...........# #..........>
...# #............# #..##.##..#.
#..# #............####..#.....)..
#..# #....#####...#........#.>###
#..###....#####.@.#........#.....
#.................+....(...#.####
#.####.....####...#........#.....
#.# #.....# #####........#####.
#.# #.....# #..........# #. #.#
#.....# #..........# #.
..####....## #..........# #.
####.....## #........#######'
#....#.##########.....#### #.....


You could see a Hell Sentinel.

Vanquished Creatures
  8 orbs of fire
  A dread lich (Zot:5)
  An ancient lich (Vaults:5)
  3 juggernauts
  Bai Suzhen (Depths:1)
  5 Killer Klowns
  Saint Roka (Orc:1)
  9 golden dragons
  5 curse toes
  Geryon (Hell)
  A caustic shrike (Depths:2)
  Nikola (Swamp:2)
  A bone dragon (Depths:4)
  2 hellephants (Depths:3)
  3 electric golems
  A Tzitzimitl (D:7)
  16 tentacled monstrosities
  A spectral shard shrike (Crypt:3)
  3 deep elf blademasters
  26 Orb Guardians
  A walking earthen tome (Depths:3)
  6 liches
  2 deep elf master archers (Elf:3)
  An acid blob (Zot:5)
  3 death cobs
  8 quicksilver dragons
  2 walking divine tomes (Depths:3)
  4 titans (Vaults:5)
  Gastronok (Lair:2)
  An ancient champion (Crypt:3)
  3 sphinxes
  3 thorn hunters (Swamp:4)
  12 shadow dragons
  Roxanne (Swamp:2)
  3 revenants
  8 nagarajas
  A storm dragon (shapeshifter) (Depths:3)
  5 tengu reavers
  12 storm dragons
  A fenstrider witch (Swamp:2)
  7 deep elf sorcerers
  Donald (Vaults:1)
  6 draconian monks
  4 draconian knights
  11 fire giants
  5 draconian scorchers
  2 iron dragons
  Louise (D:14)
  9 frost giants
  14 vault wardens
  A balrug (Depths:2)
  Aizul (Vaults:1)
  2 draconian shifters
  3 curse skulls
  A draconian stormcaller (Zot:3)
  A spectral caustic shrike (Crypt:3)
  4 angels (Zot:2)
  8 reapers
  2 orc warlords
  11 ironbound preservers
  25 stone giants
  9 spriggan defenders
  5 war gargoyles
  13 ghouls
  6 deep elf elementalists (Elf:3)
  31 very ugly things
  A draconian annihilator (Zot:2)
  2 caustic shrike skeletons
  An eleionoma (Swamp:3)
  3 vampire knights
  7 ironbound thunderhulks
  3 deep elf annihilators
  6 black draconians
  8 yellow draconians
  7 deep elf demonologists
  11 green draconians
  7 purple draconians
  6 red draconians
  A lorocyproca (Hell)
  8 dire elephants
  10 spark wasps
  3 bunyips
  13 white draconians
  Snorg (D:11)
  13 eidola
  10 deep elf death magi
  8 ettins
  A crystal guardian (Vaults:1)
  8 jiangshi
  Josephine (D:11)
  An entropy weaver (Vaults:5)
  5 great orbs of eyes
  2 deep elf high priests (Elf:3)
  10 yaktaur captains
  8 fire dragons
  3 spriggan zombies
  Fannar (D:11)
  A shambling mangrove (Swamp:4)
  A spectral quicksilver dragon (Crypt:3)
  11 hydras
  9 catoblepae
  8 ice dragons
  5 salamander tyrants (Snake:3)
  3 rakshasas
  14 centaur warriors
  2 peacekeepers (Vaults:1)
  5 spriggan air magi
  5 death knights
  29 vault guards
  19 anacondas
  A spectral shadow dragon (Crypt:3)
  3 ghost crabs
  3 ironbound frosthearts
  4 spriggan skeletons
  4 alligators
  5 two-headed ogres
  An ogre mage (Vaults:5)
  8 boulder beetles
  17 naga warriors
  Erica (Lair:2)
  6 deep troll shamans
  A spectral stone giant (Crypt:3)
  23 dancing weapons
  21 hell hogs
  6 death yaks (Lair:5)
  A bennu skeleton (Crypt:2)
  6 deep troll earth magi
  9 shock serpents
  Urug (D:13)
  4 orc high priests
  7 hell knights
  3 spectral storm dragons (Crypt:3)
  14 naga sharpshooters
  14 sun demons
  3 spectral dire elephants (Crypt:3)
  2 vampire magi (Crypt:2)
  A shock serpent (shapeshifter) (Depths:3)
  6 spriggan berserkers
  23 deep elf knights
  11 soul eaters
  Nergalle (Lair:2)
  7 shadow wraiths
  Amaemon (D:8)
  13 skeletal warriors
  A skyshark (Lair:5)
  10 salamander mystics
  5 iron trolls
  6 goliath frogs
  14 flayed ghosts
  37 deep trolls
  3 spriggan druids
  A spark wasp zombie (Crypt:3)
  2 glowing orange brains
  A shadow demon (D:5)
  5 naga ritualists
  A shadow dragon zombie (Hell)
  8 swamp dragons
  5 bog bodies
  2 swamp dragons (shapeshifter)
  17 deep elf archers
  A golden dragon skeleton (Crypt:1)
  A lindwurm (shapeshifter) (Zot:2)
  8 wizards
  16 phantasmal warriors
  18 ironbound convokers
  A death drake (shapeshifter) (Vaults:5)
  4 tengu zombies (Hell)
  15 lindwurms
  An orange crystal statue (Vaults:1)
  A sphinx zombie (Hell)
  35 deep elf pyromancers
  10 harpies (Vaults:3)
  7 necromancers
  9 orc knights
  29 deep elf zephyrmancers
  A spectral ettin (Crypt:3)
  A wolf spider (D:15)
  4 orc sorcerers
  A faun (shapeshifter) (Vaults:5)
  A fire giant zombie (Hell)
  A frost giant zombie (Hell)
  12 mana vipers
  33 ugly things
  6 manticores
  A spectral centaur (Crypt:3)
  An iron dragon zombie (Hell)
  2 stone giant zombies
  21 moths of wrath
  6 cyclopes
  4 will-o-the-wisps
  Maurice (D:13)
  27 salamanders
  7 guardian serpents
  5 rust devils (Hell)
  41 black mambas
  A stone giant skeleton (Hell)
  A demonic crawler (Depths:2)
  20 naga magi
  An orange demon (D:8)
  14 cane toads
  3 smoke demons
  9 apocalypse crabs (Zot:3)
  14 vault sentinels
  2 hellions
  2 centaur skeletons
  2 ice statues (IceCv)
  2 human zombies
  A red draconian zombie (Crypt:1)
  2 gargoyles
  Maggie (D:7)
  A shock serpent skeleton (Crypt:1)
  A naga skeleton (Crypt:2)
  2 yaktaur zombies (Vaults:2)
  4 kobold demonologists
  2 sea snake zombies (Hell)
  2 rime drakes
  4 komodo dragons
  A steelbarb worm zombie (Crypt:1)
  2 unseen horrors (D:11)
  15 yaktaurs
  2 komodo dragons (shapeshifter)
  3 tengu conjurers
  22 freezing wraiths
  An efreet (D:15)
  2 spectral nagas (Crypt:3)
  Psyche (D:11)
  A spectral harpy (Crypt:3)
  12 ice devils
  2 red devils
  7 trolls
  A spectral demonspawn (Crypt:3)
  2 hydra zombies (Hell)
  An anaconda simulacrum (Crypt:2)
  6 tyrant leeches
  2 bloated husks (Swamp:1)
  6 polar bears
  15 hornets
  18 blink frogs
  A hornet (shapeshifter) (D:15)
  3 harpy skeletons
  A stone giant simulacrum (Vaults:2)
  2 alligator zombies (Hell)
  A radroach zombie (Crypt:2)
  4 dream sheep (Lair:5)
  A centaur simulacrum (Crypt:1)
  27 slime creatures
  4 flying skulls (Crypt:1)
  2 shadows
  A vampire (D:14)
  An orc simulacrum (Hell)
  4 air elementals
  4 wyverns
  An alligator skeleton (Hell)
  8 water elementals
  29 yaks
  An ettin skeleton (Crypt:2)
  10 spriggans
  11 wraiths
  A slime creature zombie (Crypt:3)
  3 basilisks
  An alligator snapping turtle simulacrum (Crypt:3)
  5 fire elementals
  3 steam dragons
  12 vampire mosquitoes
  Grum (D:11)
  Menkaure (D:7)
  A deep troll zombie (Crypt:2)
  2 harpy simulacra
  11 swamp worms
  An ogre zombie (Vaults:2)
  6 wargs
  An acid dragon (D:11)
  41 nagas
  A glowing shapeshifter zombie (Hell)
  A warg (shapeshifter) (Elf:3)
  2 hydra simulacra
  A hell hound (Depths:2)
  17 water moccasins
  41 orc warriors
  6 swamp drakes (Swamp:4)
  2 sky beasts (D:7)
  A deep troll skeleton (Crypt:1)
  3 black bears
  A swamp dragon zombie (Hell)
  10 ogres
  14 wolves
  7 centaurs
  A rime drake zombie (Crypt:3)
  A draconian zombie (Crypt:3)
  7 kobold brigands
  Blork the orc (D:6)
  14 bullfrogs
  2 gnoll sergeants
  5 necrophages
  2 cane toad simulacra (IceCv)
  3 wights (D:6)
  2 two-headed ogre simulacra (IceCv)
  3 scorpions
  A shapeshifter zombie (Crypt:1)
  2 elephant simulacra (IceCv)
  4 killer bees (D:10)
  A troll skeleton (Crypt:3)
  2 howler monkeys (D:11)
  7 electric eels
  2 hounds (D:6)
  23 orc priests
  A gnoll bouda (D:9)
  An iron imp (D:8)
  A jelly (shapeshifter) (Depths:2)
  2 jellies
  A scorpion zombie (Crypt:1)
  A sleepcap (D:6)
  3 iguanas
  18 orc wizards
  4 hell rats (Hell)
  3 spriggan simulacra
  A polar bear simulacrum (IceCv)
  An acid dragon skeleton (Crypt:2)
  Robin (D:2)
  A howler monkey zombie (Crypt:2)
  19 gnolls
  2 naga simulacra
  7 adders
  17 white imps
  2 ufetubi (IceCv)
  A lava snake skeleton (Crypt:3)
  2 worms
  2 dart slugs
  122 orcs
  6 ball pythons
  6 bats
  A bat zombie (Crypt:2)
  9 endoplasms
  6 giant cockroaches
  9 hobgoblins
  9 jackals
  4 quokkas
  A frilled lizard (D:1)
  A frilled lizard skeleton (Crypt:2)
  33 goblins
  A jackal skeleton (Crypt:3)
  23 kobolds
  8 rats
  A river rat skeleton (Crypt:1)
  2 butterflies (Zot:2)
  A creeping inferno (Hell)
  3 fire vortices (Hell)
  2 fulminant prisms
2261 creatures vanquished.

Vanquished Creatures (collateral kills)
  Tiamat (Zot:1)
  An orb of fire (Zot:4)
  A curse toe (Zot:3)
  A naga (Snake:4)
  2 ogres
  An orc (D:11)
7 creatures vanquished.

Vanquished Creatures (others)
  A hellephant (Depths:3)
  A deep elf annihilator (Elf:3)
  2 dancing weapons (Snake:3)
  A centaur (D:15)
  A kobold brigand (D:12)
  A kobold (D:10)
  A creeping inferno (Hell)
  15 foxfires
  779 fulminant prisms
802 creatures vanquished.

Grand Total: 3070 creatures vanquished

Notes
Turn   | Place    | Note
-------+----------+-------------------------------------------
     0 | D:1      | CrazyMind the Demonspawn Conjurer began the quest for the
                  | Orb.
     0 | D:1      | Reached XP level 1. HP: 13/13 MP: 3/3
   411 | D:1      | Gained mutation: You have sharp fingernails. [demonic
                  | ancestry]
   411 | D:1      | Reached XP level 2. HP: 19/19 MP: 1/5
   414 | D:1      | Learned a level 2 spell: Searing Ray
   986 | D:1      | Found a faded altar of an unknown god.
  1317 | D:2      | Gained mutation: You have very sharp fingernails. [demonic
                  | ancestry]
  1317 | D:2      | Reached XP level 3. HP: 24/24 MP: 1/6
  1321 | D:2      | Learned a level 3 spell: Dazzling Flash
  1406 | D:2      | Reached skill level 5 in Conjurations
  1624 | D:2      | Noticed Robin
  2315 | D:3      | Reached XP level 4. HP: 30/30 MP: 4/7
  3157 | D:3      | Reached XP level 5. HP: 35/35 MP: 3/9
  3263 | D:2      | Killed Robin
  3414 | D:3      | Found a burning altar of Makhleb.
  3637 | D:4      | Found a large runed translucent door.
  3637 | D:4      | Found a large runed translucent door.
  3928 | D:4      | Found a shimmering blue altar of Sif Muna.
  3930 | D:4      | Found a shadowy altar of Dithmenos.
  3933 | D:4      | Found an ancient bone altar of Kikubaaqudgha.
  3941 | D:4      | Noticed a black bear
  3951 | D:4      | Killed a black bear
  4021 | D:4      | Found a large runed translucent door.
  4021 | D:4      | Found a large runed translucent door.
  4022 | D:4      | Noticed a hornet
  4039 | D:4      | Gained mutation: You are partially covered in thin metallic
                  | scales. (AC +2) [demonic ancestry]
  4039 | D:4      | Reached XP level 6. HP: 41/41 MP: 5/11
  4264 | D:4      | Learned a level 4 spell: Iskenderun's Mystic Blast
  4706 | D:4      | Reached skill level 1 in Armour
  4903 | D:4      | Got the Vellum of Spectral Fire
  4936 | D:5      | Entered Level 5 of the Dungeon
  5351 | D:5      | Reached skill level 1 in Shields
  5379 | D:5      | Gained mutation: You regenerate a little health from kills.
                  | [demonic ancestry]
  5379 | D:5      | Reached XP level 7. HP: 44/47 MP: 8/13
  5385 | D:5      | Learned a level 4 spell: Fulminant Prism
  5520 | D:5      | Reached skill level 1 in Throwing
  5695 | D:5      | Identified the staff of cold "Ajud" {rC+ Will+ Str+5}
  6017 | D:6      | Reached skill level 5 in Spellcasting
  6227 | D:6      | Gained mutation: You have claws for hands. [demonic
                  | ancestry]
  6227 | D:6      | Reached XP level 8. HP: 53/53 MP: 12/15
  6372 | D:6      | Found a staircase to the Ecumenical Temple.
  6382 | Temple   | Entered the Ecumenical Temple
  6582 | Temple   | Became a worshipper of Gozag Ym Sagoz the Greedy
  6609 | D:6      | Reached skill level 1 in Fighting
  7291 | D:6      | Noticed Blork the orc
  7490 | D:6      | Killed Blork the orc
  7491 | D:6      | Found a hazy altar of Hepliaklqana.
  7652 | D:6      | Reached skill level 1 in Hexes
  7652 | D:6      | Reached XP level 9. HP: 61/61 MP: 14/18
  7727 | D:7      | Found Urohuph's Distillery.
  7745 | D:7      | Bought a potion of heal wounds for 70 gold pieces
  7745 | D:7      | Bought a potion of degeneration for 14 gold pieces
  7745 | D:7      | Bought a potion of brilliance for 56 gold pieces
  7745 | D:7      | Bought a potion of invisibility for 112 gold pieces
  7822 | D:7      | Reached skill level 1 in Short Blades
  8119 | D:7      | Noticed Maggie
  8176 | D:7      | Noticed Menkaure
  8184 | D:7      | Killed Menkaure
  8437 | D:8      | Found Riefem's Armour Boutique.
  9052 | D:8      | Noticed Amaemon
  9069 | D:8      | Noticed a two-headed ogre
  9114 | D:8      | Found a snail-covered altar of Cheibriados.
  9171 | D:8      | Noticed an orange demon
  9241 | D:8      | Killed Amaemon
  9244 | D:8      | Killed an orange demon
  9427 | D:9      | Gained mutation: You sometimes gain a little power by
                  | taking damage. [demonic ancestry]
  9427 | D:9      | Reached XP level 10. HP: 63/68 MP: 14/20
 10166 | D:4      | Identified the amulet of Red Wine {RegenMP rF++ rN+++ Str-4
                  | Int-2}
 10268 | D:9      | Noticed a two-headed ogre
 10339 | D:9      | Paralysed by a hornet for 3 turns
 10343 | D:9      | Reached skill level 1 in Translocations
 10756 | D:7      | Found Xidiw's Fire Supplies.
 10766 | D:7      | Killed Maggie
 11124 | D:8      | Killed a two-headed ogre
 11125 | D:8      | Reached skill level 5 in Stealth
 11271 | D:9      | Killed a two-headed ogre
 11461 | D:7      | Bought a scroll of immolation for 60 gold pieces
 11720 | D:9      | Noticed a two-headed ogre
 11740 | D:9      | Killed a two-headed ogre
 12098 | D:9      | Noticed a two-headed ogre
 12122 | D:9      | Killed a two-headed ogre
 12123 | D:9      | Reached XP level 11. HP: 74/74 MP: 3/23
 12353 | D:9      | Reached skill level 5 in Hexes
 12425 | D:9      | Found a staircase to the Lair.
 12701 | D:9      | Noticed a two-headed ogre
 12714 | D:9      | Killed a two-headed ogre
 13286 | D:10     | Entered Level 10 of the Dungeon
 13350 | D:10     | Found a flagged portal.
 13362 | Bailey   | Entered a bailey
 13483 | Bailey   | Reached skill level 1 in Evocations
 13609 | Bailey   | Noticed an orc knight
 13633 | Bailey   | Killed an orc knight
 13634 | Bailey   | Noticed an orc sorcerer
 13646 | Bailey   | Paralysed by an orc sorcerer for 4 turns
 13653 | Bailey   | Killed an orc sorcerer
 13654 | Bailey   | Reached skill level 1 in Fire Magic
 14112 | Bailey   | Found an iron altar of Okawaru.
 14277 | Bailey   | Identified the +3 chain mail of Dim Light {rElec rC- Int-5
                  | Stlth+}
 14779 | D:10     | Reached skill level 10 in Conjurations
 14855 | D:10     | Acquired an Inescapable Atlas
 14860 | D:10     | Learned a level 2 spell: Blink
 14860 | D:10     | Reached skill level 5 in Armour
 14860 | D:10     | Reached XP level 12. HP: 80/80 MP: 23/25
 14867 | D:10     | Learned a level 5 spell: Fireball
 14885 | D:10     | Found a sacrificial altar of Ru.
 15084 | D:10     | Found a radiant altar of Vehumet.
 15608 | Lair:1   | Entered Level 1 of the Lair of Beasts
 15951 | Lair:1   | Found an opulent altar of Gozag.
 16361 | Lair:1   | You fall into a shaft and drop 1 floor!
 16367 | Lair:2   | Noticed Erica
 17137 | Lair:2   | Noticed Nergalle
 17161 | Lair:2   | Killed Nergalle
 17265 | Lair:2   | Noticed Gastronok
 17344 | Lair:2   | Killed Gastronok
 17345 | Lair:2   | Reached skill level 5 in Shields
 17512 | Lair:2   | Learned a level 3 spell: Tukima's Dance
 17823 | Lair:2   | Noticed a catoblepas
 18003 | Lair:3   | Noticed a catoblepas
 18012 | Lair:3   | Killed a catoblepas
 18013 | Lair:3   | Reached skill level 10 in Spellcasting
 18013 | Lair:3   | Reached XP level 13. HP: 78/86 MP: 17/27
 18194 | Lair:3   | Found a frozen archway.
 18271 | IceCv    | Entered an ice cave
 19491 | IceCv    | Noticed a reaper
 19739 | Lair:3   | Found a staircase to the Snake Pit.
 20321 | Lair:4   | Reached skill level 5 in Fire Magic
 21111 | Lair:4   | Found a staircase to the Slime Pits.
 21112 | Lair:4   | Found a viscous altar of Jiyva.
 21235 | Lair:5   | Entered Level 5 of the Lair of Beasts
 22245 | Lair:5   | Learned a level 3 spell: Mephitic Cloud
 22318 | Lair:2   | Killed Erica
 22319 | Lair:2   | Reached skill level 5 in Dodging
 22630 | Lair:2   | Found a staircase to the Swamp.
 24192 | Lair:5   | Identified the ring "Wexulior" {Fly SInv}
 24247 | Lair:5   | Reached XP level 14. HP: 76/94 MP: 3/29
 27314 | Lair:5   | Got Sif Muna's Folio of Volatile Forms
 27743 | Lair:5   | Learned a level 2 spell: Passwall
 27939 | D:11     | Noticed Psyche
 27941 | D:11     | Killed Psyche
 27949 | D:11     | Noticed Snorg
 27961 | D:11     | Killed Snorg
 28479 | D:11     | Noticed Josephine
 28602 | D:11     | Killed Josephine
 28763 | D:11     | Found a staircase to the Orcish Mines.
 28842 | D:11     | Noticed Grum
 28865 | D:11     | Killed Grum
 29287 | D:11     | Reached skill level 5 in Fighting
 29313 | D:11     | Noticed Fannar
 29331 | D:11     | Killed Fannar
 31534 | D:13     | Noticed Maurice
 31580 | D:13     | Killed Maurice
 31643 | D:13     | Reached skill level 1 in Transmutations
 32219 | D:13     | Noticed Urug
 32794 | D:13     | Learned a level 5 spell: Yara's Violent Unravelling
 33243 | D:13     | Killed Urug
 33987 | D:14     | Found a gate to the Vaults.
 34387 | D:14     | Noticed Louise
 34400 | D:14     | Gained mutation: You sometimes gain power by taking damage.
                  | [demonic ancestry]
 34400 | D:14     | Reached XP level 15. HP: 75/104 MP: 11/30
 34401 | D:14     | Killed Louise
 34885 | D:14     | Found Feot's Magic Scroll Emporium.
 34888 | D:14     | Bought a scroll of fog for 40 gold pieces
 34888 | D:14     | Bought a scroll of butterflies for 40 gold pieces
 34888 | D:14     | Bought a scroll of fog for 40 gold pieces
 35261 | D:15     | Entered Level 15 of the Dungeon
 37714 | D:15     | Found a staircase to the Depths.
 38366 | Orc:1    | Entered Level 1 of the Orcish Mines
 38372 | Orc:1    | Learned a level 4 spell: Olgreb's Toxic Radiance
 38758 | Orc:1    | Reached skill level 1 in Poison Magic
 39004 | Orc:2    | Entered Level 2 of the Orcish Mines
 39009 | Orc:2    | Noticed Saint Roka
 39744 | Orc:1    | Killed Saint Roka
 40852 | Orc:2    | Found Utturum's Armour Shop.
 40932 | Orc:2    | Found a staircase to the Elven Halls.
 40990 | Orc:2    | Found Hetsoatt's General Store.
 41006 | Orc:2    | Found Wari's Antique Weapon Boutique.
 41013 | Orc:2    | Bought a runed rapier for 182 gold pieces
 41029 | Orc:2    | Found Ygicuw's Antique Armour Boutique.
 41106 | Orc:2    | Found Karphel's Jewellery Boutique.
 41333 | Orc:2    | Bought the +2 hood of the Assassin {Detect Stab+ Stlth++}
                  | for 1080 gold pieces
 41333 | Orc:2    | Found the +2 hood of the Assassin {Detect Stab+ Stlth++}
 41385 | Orc:2    | Bought a scroll of acquirement for 884 gold pieces
 41385 | Orc:2    | Acquired the +6 quick blade "Ithrethrokh" {heavy, rElec
                  | Will+}
 41731 | Orc:1    | Found Hedir's Weapon Shop.
 42084 | Snake:1  | Entered Level 1 of the Snake Pit
 43413 | Lair:3   | Upgraded the game from 0.30.1-11-g7821555f0a to 0.30.2
 43943 | Snake:1  | Reached XP level 16. HP: 113/113 MP: 24/32
 44234 | Snake:1  | Identified the +1 scale mail of the Pink Corner {Str+3}
 49839 | Snake:3  | Found a transporter.
 49845 | Snake:3  | Found a radiant altar of Vehumet.
 50064 | Lair:1   | Learned a level 7 spell: Orb of Destruction
 51093 | Snake:3  | Identified the +1 robe of Zeikk {Drain rElec rC+ Archmagi}
 51729 | Swamp:1  | Entered Level 1 of the Swamp
 51744 | Swamp:1  | Identified the +0 chain mail "Tahosuac" {Fly Int+2}
 52594 | Swamp:1  | Reached skill level 15 in Conjurations
 52971 | Swamp:2  | Noticed Nikola
 53140 | Swamp:2  | Killed Nikola
 53141 | Swamp:2  | Reached skill level 5 in Short Blades
 53687 | Swamp:2  | Noticed Roxanne
 54078 | Swamp:2  | Killed Roxanne
 54993 | Swamp:3  | Gained mutation: You regenerate health from kills. [demonic
                  | ancestry]
 54993 | Swamp:3  | Reached XP level 17. HP: 120/120 MP: 18/35
 56967 | Swamp:4  | Entered Level 4 of the Swamp
 59386 | Swamp:4  | Got a decaying rune of Zot
 61167 | Snake:4  | Entered Level 4 of the Snake Pit
 63780 | Snake:4  | Reached skill level 15 in Spellcasting
 64520 | Snake:4  | Reached skill level 10 in Hexes
 65257 | Snake:3  | Reached XP level 18. HP: 129/129 MP: 12/37
 66447 | Snake:4  | Reached skill level 10 in Shields
 68532 | Snake:4  | Got a serpentine rune of Zot
 68920 | Elf:1    | Entered Level 1 of the Elven Halls
 71879 | Elf:1    | Found Quarar's Antique Armour Shoppe.
 74041 | Elf:2    | Reached skill level 5 in Translocations
 74075 | Elf:2    | Found a huge runed translucent gate.
 74075 | Elf:2    | Found a huge runed translucent gate.
 74077 | Elf:2    | Found a huge runed translucent gate.
 74198 | Elf:2    | Found a huge runed translucent gate.
 74199 | Elf:2    | Found a huge runed translucent gate.
 74282 | Elf:2    | Gained mutation: Your magical and physical power is
                  | slightly enhanced at high health. [demonic ancestry]
 74282 | Elf:2    | Reached XP level 19. HP: 134/134 MP: 31/39
 75681 | Elf:3    | Entered Level 3 of the Elven Halls
 75894 | Elf:3    | Found Dien's Book Emporium.
 75899 | Elf:3    | Bought a book of Power for 672 gold pieces
 75899 | Elf:3    | Bought a Grand Grimoire for 544 gold pieces
 76970 | Elf:3    | Paralysed by an air elemental for 1 turns
 77948 | Elf:3    | Acquired the ring "Seohis" {Fly rC+ rN+}
 78088 | Elf:3    | Identified the +0 ring mail of Ogeckamm {rPois rCorr Int+2
                  | Dex-3}
 78395 | Elf:3    | Identified the +1 plate armour of Ugririps {rPois}
 79204 | Elf:3    | Got Etres's Lectures on Friendly Translocation
 79211 | Elf:3    | Got the Compilation of the Seven Loafs
 79992 | Depths:1 | Entered Level 1 of the Depths
 82379 | Depths:1 | Gained mutation: You are mostly covered in thin metallic
                  | scales. (AC +3) [demonic ancestry]
 82379 | Depths:1 | Reached XP level 20. HP: 122/141 MP: 18/41
 82982 | Depths:1 | Found a gateway to Hell.
 83425 | Depths:1 | Found a one-way gateway to a ziggurat.
 83668 | Depths:1 | Identified the +3 rapier "Dragonslayer" {protect, rF+ MP-9
                  | Int+3}
 83853 | Depths:1 | Reached skill level 10 in Fire Magic
 84143 | Depths:1 | Found a basalt altar of Yredelemnul.
 84610 | Depths:2 | Noticed Bai Suzhen
 84627 | Depths:1 | Killed Bai Suzhen
 84798 | Depths:2 | Noticed a juggernaut
 88119 | Depths:2 | Noticed a caustic shrike
 88128 | Depths:2 | Killed a caustic shrike
 88218 | Depths:2 | Identified the staff of earth "Ciziw" {rPois Int+3 Dex+2}
 89192 | Depths:2 | Identified the +0 ring mail "Kuimaon" {rElec}
 89209 | Depths:2 | Identified the ring of the Duchess {rN+ rCorr Str+6 Stlth+}
 89330 | Depths:2 | Killed a juggernaut
 90243 | Depths:2 | Found a one-way gate leading to the halls of Pandemonium.
 90344 | Depths:2 | Found a broken altar of Ashenzari.
 90358 | Depths:2 | Acquired 876 gold pieces
 91290 | Depths:3 | Noticed a golden dragon
 91293 | Depths:3 | Paralysed by a vampire knight for 4 turns
 91688 | Depths:3 | Killed a golden dragon
 91689 | Depths:3 | Gained mutation: You are completely covered in thin
                  | metallic scales. (AC +4, rElec) [demonic ancestry]
 91689 | Depths:3 | Reached XP level 21. HP: 129/137 MP: 1/43
 92231 | Depths:3 | Found a one-way gate to the infinite horrors of the Abyss.
 93251 | Depths:2 | Learned a level 6 spell: Iron Shot
 93823 | Depths:3 | Reached skill level 1 in Earth Magic
 94831 | Depths:3 | Noticed a golden dragon
 95080 | Depths:3 | Killed a golden dragon
 96055 | Depths:3 | Noticed a juggernaut
 96170 | Depths:4 | Entered Level 4 of the Depths
 97066 | Depths:4 | Noticed a golden dragon
 98051 | Depths:4 | Killed a golden dragon
 98091 | Depths:4 | Found an iron altar of Okawaru.
 98891 | Depths:4 | Found a gate to the Realm of Zot.
 99067 | Depths:4 | Found Qeotel's Book Emporium.
 99067 | Depths:4 | Found Xewea's Jewellery Boutique.
 99104 | Depths:4 | Found Bihot's Jewellery Boutique.
 99422 | Vaults:1 | Entered Level 1 of the Vaults
100308 | Vaults:1 | Reached skill level 1 in Summonings
100795 | Snake:3  | Found a transporter.
100966 | Snake:3  | Reached skill level 5 in Transmutations
101233 | Snake:3  | Identified the +2 robe "Deunn" {rPois rF- Regen+ MP+9}
102374 | Vaults:1 | Reached skill level 10 in Fighting
102499 | Vaults:1 | Gained mutation: You are powered by pain. [demonic
                  | ancestry]
102499 | Vaults:1 | Reached XP level 22. HP: 102/159 MP: 35/44
103293 | Vaults:1 | Found Taroy's Weapon Emporium.
103575 | Vaults:1 | Noticed Aizul
103575 | Vaults:1 | Noticed Donald
103935 | Vaults:2 | Identified the +4 ring mail of the Stag {Stlth+}
105363 | Vaults:2 | Found a staircase to the Crypt.
106196 | Vaults:3 | Identified the +0 chain mail "Roemix" {Slay+2}
106437 | Vaults:3 | Found Kooj's Armour Shoppe.
106821 | Vaults:3 | Bought a scarf of repulsion for 204 gold pieces
106861 | Vaults:3 | Reached skill level 5 in Earth Magic
108716 | Vaults:4 | Reached skill level 5 in Summonings
111886 | Depths:3 | Killed a juggernaut
112884 | Depths:3 | Acquired 859 gold pieces
113254 | Vaults:1 | Killed Donald
113572 | Vaults:1 | Killed Aizul
114126 | Crypt:1  | Entered Level 1 of the Crypt
114150 | Crypt:1  | Reached XP level 23. HP: 169/169 MP: 36/46
118150 | Crypt:2  | Identified the +11 dagger "Rurroiph" {freeze, rC+ rN+
                  | Int+3}
119358 | Crypt:3  | Entered Level 3 of the Crypt
120758 | Crypt:3  | Found a staircase to the Tomb.
124695 | Crypt:3  | Identified the staff of fire "Wumeofyo" {*Slow Fly rF+ rC++
                  | Str+8}
124717 | Crypt:3  | Identified the +10 plate armour "Lijos" {rN+ Slay+2 Stlth+}
125373 | Vaults:4 | You are sucked into a shaft and drop 1 floor!
125373 | Vaults:5 | Entered Level 5 of the Vaults
126300 | Vaults:5 | Gained mutation: You regenerate a lot of health from kills.
                  | [demonic ancestry]
126300 | Vaults:5 | Reached XP level 24. HP: 180/180 MP: 36/47
127180 | Vaults:5 | Identified the +8 flail of Mofothri {freeze, rF+ Will+
                  | Dex+2}
127180 | Vaults:5 | Identified the ring of Ymowed {rC+ SInv}
127899 | Vaults:5 | Identified the +3 quarterstaff "Jellybane" {venom, Will+}
128361 | Vaults:5 | Identified the staff of death "Codwelof" {rN+ Str+5}
129836 | Vaults:5 | Noticed an ancient lich
129840 | Vaults:5 | Killed an ancient lich
130459 | Vaults:5 | Identified the +5 mace of Eternal Harmony {elec, *Noise rC+
                  | rN+ Str+5}
130716 | Vaults:5 | Identified the staff of air "Bytwaax" {rElec rN++ rCorr
                  | MP-9}
130871 | Vaults:5 | Identified the +0 chain mail of Femisob {rF- Slay+5}
130875 | Vaults:5 | Got a silver rune of Zot
131628 | Zot:1    | Entered Level 1 of the Realm of Zot
132417 | Zot:1    | Found the +4 dragonskin cloak
132417 | Zot:1    | Noticed Tiamat
133344 | Zot:1    | Killed Tiamat
133628 | Zot:1    | Reached skill level 10 in Earth Magic
133943 | Zot:2    | Noticed a Killer Klown
133944 | Zot:2    | Noticed a Killer Klown
134009 | Zot:2    | Noticed a Killer Klown
134022 | Zot:1    | Killed a Killer Klown
134023 | Zot:1    | Killed a Killer Klown
134119 | Zot:1    | Killed a Killer Klown
134304 | Zot:2    | Found a basalt altar of Yredelemnul.
134606 | Zot:2    | Identified the +3 leather armour "Immo" {Drain rElec rN+
                  | Dex+4 SInv}
134642 | Zot:2    | Reached XP level 25. HP: 190/190 MP: 16/47
134729 | Zot:2    | Found a shimmering altar of Xom.
134729 | Zot:2    | Found a shimmering altar of Xom.
134729 | Zot:2    | Found a shimmering altar of Xom.
134926 | Zot:2    | Reached skill level 10 in Summonings
136109 | Zot:3    | Noticed a Killer Klown
136118 | Zot:3    | Killed a Killer Klown
136265 | Zot:3    | Noticed an orb of fire
136282 | Zot:3    | Learned a level 5 spell: Summon Mana Viper
136284 | Zot:3    | Gained mutation: You occasionally lose the ability to read
                  | scrolls when taking damage. [an orb of fire]
136290 | Zot:3    | Killed an orb of fire
136867 | Zot:3    | Identified the +6 plate armour of Duty {rElec rC+ Int-5}
139632 | Zot:5    | Entered Level 5 of the Realm of Zot
140369 | Zot:5    | Gained mutation: You are frail. (-10% HP) [mutagenic glow]
140386 | Zot:5    | Gained mutation: You sometimes lose the ability to read
                  | scrolls when taking damage. [mutagenic glow]
140401 | Zot:4    | Gained mutation: You are weak. (Str -2) [mutagenic glow]
140415 | Zot:4    | Gained mutation: Your magical capacity is low. (-10% MP)
                  | [mutagenic glow]
140425 | Zot:4    | Gained mutation: Your magical capacity is very low. (-20%
                  | MP) [mutagenic glow]
140465 | Zot:4    | Gained mutation: You are dopey. (Int -2) [mutagenic glow]
140519 | Zot:4    | Lost mutation: You are frail. (-10% HP) [potion of
                  | mutation]
140519 | Zot:4    | Lost mutation: You sometimes lose the ability to read
                  | scrolls when taking damage. [potion of mutation]
140519 | Zot:4    | Lost mutation: You are weak. (Str -2) [potion of mutation]
140519 | Zot:4    | Gained mutation: You do not regenerate when monsters are
                  | visible. [potion of mutation]
140519 | Zot:4    | Lost mutation: You occasionally lose the ability to read
                  | scrolls when taking damage. [potion of mutation]
140520 | Zot:4    | Lost mutation: You do not regenerate when monsters are
                  | visible. [potion of mutation]
140520 | Zot:4    | Lost mutation: Your magical capacity is very low. (-20% MP)
                  | [potion of mutation]
140520 | Zot:4    | Lost mutation: You are dopey. (Int -2) [potion of mutation]
140520 | Zot:4    | Gained mutation: Your spells are a little easier to cast,
                  | but a little less powerful. [potion of mutation]
140520 | Zot:4    | Gained mutation: You possess an exceptional clarity of
                  | mind. [potion of mutation]
140578 | Zot:5    | Noticed a dread lich
140592 | Zot:5    | Killed a dread lich
140779 | Zot:5    | Noticed an orb of fire
140782 | Zot:5    | Noticed an orb of fire
140783 | Zot:5    | Noticed an orb of fire
140783 | Zot:5    | Noticed an orb of fire
140783 | Zot:5    | Gained mutation: You are dopey. (Int -2) [an orb of fire]
140784 | Zot:5    | Gained mutation: Your body sometimes deteriorates upon
                  | taking damage. [an orb of fire]
140786 | Zot:5    | Noticed an orb of fire
140788 | Zot:5    | Noticed an orb of fire
140790 | Zot:5    | Noticed an orb of fire
141011 | Zot:4    | Lost mutation: Your magical capacity is low. (-10% MP)
                  | [potion of mutation]
141011 | Zot:4    | Lost mutation: You possess an exceptional clarity of mind.
                  | [potion of mutation]
141011 | Zot:4    | Lost mutation: Your spells are a little easier to cast, but
                  | a little less powerful. [potion of mutation]
141011 | Zot:4    | Gained mutation: You are agile. (Dex +4, Str/Int -1)
                  | [potion of mutation]
141012 | Zot:4    | Lost mutation: Your body sometimes deteriorates upon taking
                  | damage. [potion of mutation]
141012 | Zot:4    | Lost mutation: You are dopey. (Int -2) [potion of mutation]
141012 | Zot:4    | Gained mutation: You are robust. (+10% HP) [potion of
                  | mutation]
141093 | Zot:5    | Killed an orb of fire
141094 | Zot:5    | Gained mutation: You occasionally shout uncontrollably at
                  | your foes. [an orb of fire]
141099 | Zot:5    | Gained mutation: You are dopey. (Int -2) [an orb of fire]
141100 | Zot:5    | Killed an orb of fire
141101 | Zot:5    | Noticed a Killer Klown
141103 | Zot:5    | a Killer Klown changed into an acid blob
141115 | Zot:5    | Noticed a Killer Klown
141218 | Zot:5    | Noticed an orb of fire
141220 | Zot:5    | Gained mutation: You are very dopey. (Int -4) [an orb of
                  | fire]
141237 | Zot:5    | Killed an orb of fire
141250 | Zot:5    | a Killer Klown changed into a juggernaut
141250 | Zot:5    | Noticed a juggernaut
141253 | Zot:5    | Killed a juggernaut
141258 | Zot:5    | Killed an orb of fire
141363 | Zot:4    | Gained mutation: Your spells are a little easier to cast,
                  | but a little less powerful. [an orb of fire]
141373 | Zot:4    | Killed an orb of fire
141693 | Zot:5    | Gained mutation: You do not regenerate when monsters are
                  | visible. [an orb of fire]
141698 | Zot:5    | Gained mutation: Your spells are easier to cast, but less
                  | powerful. [an orb of fire]
141701 | Zot:5    | Killed an orb of fire
141702 | Zot:5    | Gained mutation: Your magical and physical power is
                  | enhanced at high health. [demonic ancestry]
141702 | Zot:5    | Reached XP level 26. HP: 209/220 MP: 17/48
142120 | Zot:5    | Gained mutation: You occasionally lose the ability to read
                  | scrolls when taking damage. [an orb of fire]
142123 | Zot:5    | Killed an orb of fire
142158 | Zot:5    | Gained mutation: Armour fits poorly on your strangely
                  | shaped body. [an orb of fire]
142166 | Zot:5    | Gained mutation: You have hidden genetic defects. [an orb
                  | of fire]
142167 | Zot:5    | Killed an orb of fire
142402 | Zot:4    | Lost mutation: You occasionally lose the ability to read
                  | scrolls when taking damage. [potion of mutation]
142402 | Zot:4    | Lost mutation: Your spells are easier to cast, but less
                  | powerful. [potion of mutation]
142402 | Zot:4    | Gained mutation: You have large cloven feet. [potion of
                  | mutation]
142403 | Zot:4    | Lost mutation: You have hidden genetic defects. [potion of
                  | mutation]
142403 | Zot:4    | Lost mutation: You have large cloven feet. [potion of
                  | mutation]
142403 | Zot:4    | Lost mutation: Your spells are a little easier to cast, but
                  | a little less powerful. [potion of mutation]
142403 | Zot:4    | Lost mutation: You are very dopey. (Int -4) [potion of
                  | mutation]
142403 | Zot:4    | Gained mutation: You frequently scream uncontrollably at
                  | your foes. [potion of mutation]
142661 | Zot:5    | Reached skill level 15 in Fighting
143288 | Zot:5    | Lost mutation: You are agile. (Dex +4, Str/Int -1) [potion
                  | of mutation]
143288 | Zot:5    | Lost mutation: Armour fits poorly on your strangely shaped
                  | body. [potion of mutation]
143288 | Zot:5    | Lost mutation: You frequently scream uncontrollably at your
                  | foes. [potion of mutation]
143288 | Zot:5    | Gained mutation: You have sharp toenails. [potion of
                  | mutation]
143288 | Zot:5    | Lost mutation: You are robust. (+10% HP) [potion of
                  | mutation]
143289 | Zot:5    | Lost mutation: You have sharp toenails. [potion of
                  | mutation]
143289 | Zot:5    | Lost mutation: You are dopey. (Int -2) [potion of mutation]
143289 | Zot:5    | Gained mutation: You have hidden genetic defects. [potion
                  | of mutation]
143289 | Zot:5    | Gained mutation: You have large cloven feet. [potion of
                  | mutation]
143289 | Zot:5    | Gained mutation: Armour fits poorly on your strangely
                  | shaped body. [potion of mutation]
143290 | Zot:5    | Lost mutation: You occasionally shout uncontrollably at
                  | your foes. [potion of mutation]
143290 | Zot:5    | Lost mutation: Armour fits poorly on your strangely shaped
                  | body. [potion of mutation]
143290 | Zot:5    | Lost mutation: You do not regenerate when monsters are
                  | visible. [potion of mutation]
143290 | Zot:5    | Gained mutation: You are dopey. (Int -2) [potion of
                  | mutation]
143290 | Zot:5    | Gained mutation: You have hoof-like feet. [potion of
                  | mutation]
143291 | Zot:5    | Lost mutation: You have hoof-like feet. [potion of
                  | mutation]
143291 | Zot:5    | Lost mutation: You have large cloven feet. [potion of
                  | mutation]
143291 | Zot:5    | Lost mutation: You are dopey. (Int -2) [potion of mutation]
143291 | Zot:5    | Gained mutation: You have very sharp teeth. [potion of
                  | mutation]
143291 | Zot:5    | Gained mutation: You sometimes lose your temper in combat.
                  | [potion of mutation]
143292 | Zot:5    | Lost mutation: You sometimes lose your temper in combat.
                  | [potion of mutation]
143292 | Zot:5    | Lost mutation: You have very sharp teeth. [potion of
                  | mutation]
143292 | Zot:5    | Gained mutation: You have sharp toenails. [potion of
                  | mutation]
143538 | Lair:1   | Bought a distressingly furry leather armour for 287 gold
                  | pieces
143538 | Lair:1   | Identified the +0 leather armour of the Teacher {Will+}
                  | (You bought it in a shop on level 1 of the Lair of Beasts)
143538 | Lair:1   | Bought a scorched leather armour for 287 gold pieces
143538 | Lair:1   | Identified the +5 leather armour of Supple Strength {Int+5
                  | Stlth+} (You bought it in a shop on level 1 of the Lair of
                  | Beasts)
143566 | Lair:1   | Bought the Spellbook of Postmortem Haze for 480 gold pieces
143742 | Hell     | Entered the Vestibule of Hell
143742 | Hell     | Noticed Geryon
143865 | Hell     | Reached skill level 15 in Shields
143893 | Depths:2 | Learned a level 8 spell: Necromutation
143900 | Depths:2 | Learned a level 6 spell: Starburst
144437 | Hell     | Killed Geryon
144651 | Hell     | Gained mutation: You are frail. (-10% HP) [hidden defects]
144826 | Hell     | Found a gateway to the decaying netherworld of Tartarus.
144996 | Hell     | Found a gateway to the freezing wastes of Cocytus.
145270 | Hell     | Found a gateway to the Iron City of Dis.
145437 | Hell     | Found a gateway to the ashen valley of Gehenna.
146189 | Zot:5    | Got the Orb of Zot
146591 | D:$      | Escaped with the Orb!

Illustrated notes

Levels and vault maps discovered:
D:1:      evilmike_arrival_grusome_pit, layout_basic,
          hellmonk_ecumenical_altar_slurped_away
D:2:      layout_basic, kennysheep_cluttered_room, uniq_robin
D:3:      layout_rooms, amcnicky_altar_gilded, serial_bayou_pond_a, st_stairs_5,
          minmay_three_crescents
D:4:      layout_basic, grunt_temple_overflow_diamond,
          minmay_hollow_rounded_squares
D:5:      layout_gridville
D:6:      layout_basic, worldfamousw_hep_ancestral_shrine,
          minmay_temple_entry_mini_moons, uniq_blork_the_orc
D:7:      layout_rooms, minmay_shop_grid_forest, nicolae_shop_fire_sale
          [nicolae_sub_dead_trees], kennysheep_small_square, uniq_maggie,
          uniq_menkaure
D:8:      layout_basic, chei_slow_surprise, serial_shops, shop, uniq_amaemon
D:9:      layout_loops_cross, erik_lair_orcish_takeover, special_room
          [special_room_orc]
D:10:     layout_cave_pools, lemuel_crystal_altar, kennysheep_mini,
          enter_bailey_3
D:11:     layout_roguey, hiddenorc2_lemuel, serial_park_tiny_2,
          kennysheep_generic_room_6, uniq_snorg, uniq_psyche, uniq_grum,
          uniq_josephine, uniq_fannar
D:12:     layout_stronghold, minivault_4
D:13:     layout_loops_ring, uniq_urug, uniq_maurice
D:14:     layout_stronghold, david_vaults_1, ebering_dispersal_statue_hall,
          serial_shops, nicolae_shop_tiny_real_fake_doors, uniq_louise
D:15:     hangedman_depths_entry_try_elsewhere_first, layout_basic,
          minmay_misc_feat_cross
Temple:   nicolae_temple_bog_church
Lair:1:   layout_concentric_octagons, basic_altar
Lair:2:   layout_long_grid, swamp_mist, beast_lair_carwin_7, grunt_megastairs_4,
          uniq_erica, uniq_gastronok, uniq_nergalle
Lair:3:   layout_chaotic_city, guppyfry_snake_entry_garden,
          portal_ice_cave_entry_imps
Lair:4:   layout_roguey, slime_entry_1, infiniplex_staircase_pool_2
Lair:5:   evilmike_catoblepas_cave, layout_regular_city,
          cheibrodos_lair_lostbears, grunt_megastairs_1
Swamp:1:  layout_basic_swamp, evilmike_swamp_ruin_house_3
Swamp:2:  layout_basic_swamp, nicolae_swamp_little_tower,
          cheibrodos_swamp_witchery, uniq_nikola, uniq_roxanne
Swamp:3:  layout_basic_swamp, evilmike_swamp_ruin_wall
Swamp:4:  swamp_alternative, layout_basic_swamp
Snake:1:  layout_layer_cave, hangedman_venom_bottle
Snake:2:  layout_cave_town, basic_altar, nrook_guardian_serpent_ordinary,
          grunt_megastairs_3
Snake:3:  gammafunk_sealed_library, layout_concentric_octagons,
          grunt_ministairs_14, st_stairs_6, drop_trap, lemuel_fruit_tree
Snake:4:  snake_pit_salamanders_mu, layout_cave_town
Orc:1:    layout_caves, serial_shops, nicolae_shop_bloodbath_and_beyond,
          basic_altar
Orc:2:    grunt_orc_cross, layout_caves, serial_shops,
          nicolae_shop_temple_entry_statues_fountains, gauntlet_entry_generic
Elf:1:    eino_elf_arrival_shootout, layout_loops_cross, serial_shops, shop,
          hangedman_elf_represent
Elf:2:    elven_hall_of_blades_hangedman_alternative [mumra_blade_entry_dagger],
          layout_gridlike, serial_corexii_hall, corexii_hall_statues_u,
          chequers_hall_statues_y, corexii_hall_statues_i,
          chequers_hall_statues_wall_a
Elf:3:    grunt_elf_hall_asides, layout_geoelf_grid, serial_shops,
          nicolae_shop_just_a_little_nook
Vaults:1: nicolae_vaults_storage_room_statues, nicolae_vaults_three_branches,
          v_pattern_4, hangedman_vaults_trim, nicolae_vaults_circle_grid_a,
          v_misc_3, nicolae_vaults_bisected_exclaves,
          nicolae_vaults_more_shelving_2, nicolae_vaults_little_squares_5,
          vaults_dpeg_diagonal, nicolae_vaults_statue_guard, vaults_room_pools,
          nicolae_vaults_theta, nicolae_vaults_lightning_bolt, v_misc_8,
          nicolae_vaults_little_squares_5, layout_vaults_omnibox, serial_shops,
          nicolae_shop_peninsula, uniq_aizul, uniq_donald
Vaults:2: nicolae_vaults_closet_pinwheel_3, nicolae_vaults_layer_cake_slice,
          nicolae_vaults_diagonal_hallway_8, nicolae_vaults_mini_display_case,
          layout_vaults_omnigrid
Vaults:3: ontoclasm_vaults_spin, nicolae_vaults_storage_closets_1,
          nicolae_vaults_taking_the_gang_shopping, nicolae_vaults_tangram_2,
          nicolae_vaults_diagonal_hallway_7, v_misc_15,
          nicolae_vaults_surprise_closet_hard, nicolae_vaults_closet_pinwheel_2,
          ontoclasm_vaults_ring_square, layout_vaults_maze_snakey
Vaults:4: nicolae_vaults_weapon_check, nicolae_vaults_trapezoid_4,
          grunt_vaults_focal, vaults_room_fours, v_misc_26, v_misc_1,
          vaults_mumra_chevron_long, nicolae_vaults_tetromino_L_2,
          grunt_vaults_twisty, ontoclasm_vaults_gateway, v_rooms_2,
          nicolae_vaults_double_plus_1, nicolae_vaults_tetromino_Z_2,
          vaults_dpeg_hooks, layout_vaults_omnicross
Vaults:5: serial_shops
Crypt:1:  layout_misc_corridors, nicolae_crypt_ancient_font, grunt_megastairs_5,
          grunt_crypt_arrival_split
Crypt:2:  layout_catacombs, uniq_margery
Crypt:3:  due_elkab, layout_chaotic_city, uniq_grunn
Depths:1: layout_gridville, enter_ziggurat_f, hellmouth_3,
          yredelemnul_altar_generic, serial_bayou_shore_a
Depths:2: minmay_the_grid_square_5x5_5x5_mashed
          [minmay_the_grid_square_5x5_one_wall,
          minmay_the_grid_square_5x5_two_walls_b,
          minmay_the_grid_square_5x5_three,
          minmay_the_grid_square_5x5_bracketed,
          minmay_the_grid_square_5x5_detours,
          minmay_the_grid_square_5x5_sharp_hourglass,
          minmay_the_grid_square_5x5_prize_waves,
          minmay_the_grid_square_5x5_moneybag,
          minmay_the_grid_square_5x5_prize_rear_guard,
          minmay_the_grid_square_5x5_mess, minmay_the_grid_square_5x5_inner_i,
          minmay_the_grid_square_5x5_doubleslash,
          minmay_the_grid_square_5x5_prize_monsterx,
          minmay_the_grid_square_5x5_tetrominoes,
          minmay_the_grid_square_5x5_gyroscope,
          minmay_the_grid_square_5x5_eight_small,
          minmay_the_grid_square_5x5_prize_snowflake,
          minmay_the_grid_square_5x5_six_small,
          minmay_the_grid_square_5x5_prize_open, minmay_the_grid_square_5x5_six,
          minmay_the_grid_square_5x5_n, minmay_the_grid_square_5x5_longway,
          minmay_the_grid_square_5x5_hourglass, minmay_the_grid_square_5x5_bite,
          minmay_the_grid_square_5x5_z], layout_gridlike, lemuel_crystal_altar,
          hell_entry, pan_entry, uniq_bai_suzhen
Depths:3: kennysheep_snake, layout_gridville, grunt_hell_horde, abyss_entry,
          grunt_megastairs_2, infiniplex_staircase_star
Depths:4: evilmike_zot_entry_basic, layout_gridlike,
          hangedman_tar_grid_catacomb, nicolae_hexahallways,
          okawaru_altar_gauntlet_db, minmay_shop_grove
Hell
Zot:1:    layout_twisted_circle, uniq_tiamat
Zot:2:    dreamdust_zin_vs_xom, layout_basic, basic_altar
Zot:3:    gammafunk_mikee_crab_dinner, layout_gridville, skrybe_zot_glass_1
Zot:4:    layout_twisted_circle
Zot:5:    layout_gridlike

Skill      XL: |  1  2  3  4  5  6  7  8  9 10 11 12 13 14 15 16 17 18 19 20 21 22 23 24 25 26 |
---------------+-------------------------------------------------------------------------------+-----
Conjurations   | 5 6 7 8 9 10 11 12 13 14 15 16 17 18 19 20 21 22 | 22.5
Stealth        | 2 3 4 5 6 7 |  7.9
Dodging        | 2 3 4 5 6 7 8 |  8.9
Spellcasting   | 3 4 5 6 8 9 10 11 12 14 15 16 17 18 19 20 21 22 | 22.2
Armour         | 1 2 3 4 5 7 8 |  8.6
Shields        | 1 2 3 4 5 6 8 9 11 12 13 14 15 | 15.1
Throwing       | 1 2 3 4 |  4.0
Fighting       | 1 2 3 5 6 7 8 10 11 12 13 14 15 | 15.4
Hexes          | 1 3 4 6 7 8 9 10 11 12 | 12.2
Short Blades   | 2 3 5 6 |  6.7
Translocations | 2 3 4 5 6 7 |  7.3
Evocations     | 1 |  1.5
Fire Magic     | 3 4 5 6 7 8 9 10 11 | 11.5
Transmutations | 2 3 4 5 |  5.3
Poison Magic   | 2 3 |  3.0
Earth Magic    | 4 6 8 10 12 | 12.7
Summonings     | 2 6 8 9 11 12 | 12.3
Air Magic      | |  0.1

Action                     |  1- 3 |  4- 6 |  7- 9 | 10-12 | 13-15 | 16-18 | 19-21 | 22-24 | 25-27 || total
---------------------------+-------+-------+-------+-------+-------+-------+-------+-------+-------++-------
  Melee: Dagger            |    14 |     5 |       |    74 |   367 |       |       |       |       ||   460
         Short sword       |       |    13 |    70 |    22 |    22 |       |       |       |       ||   127
         Punch             |       |       |     2 |       |       |       |       |       |       ||     2
         Staff             |       |       |       |       |     8 |       |       |       |       ||     8
         Quick blade       |       |       |       |       |    40 |   309 |   137 |   418 |   101 ||  1005
  Throw: Dart              |       |     6 |    15 |    18 |    32 |     1 |       |     3 |    13 ||    88
         Boomerang         |       |       |       |       |    31 |     9 |     9 |    16 |       ||    65
   Cast: Magic Dart        |    44 |    34 |     9 |    40 |       |       |       |       |       ||   127
         Searing Ray       |    20 |    38 |    46 |    64 |    65 |       |       |       |       ||   233
         Dazzling Flash    |       |       |     6 |    14 |    41 |    55 |       |     2 |     1 ||   119
         Fulminant Prism   |       |       |     4 |    86 |   301 |   162 |    92 |   109 |    27 ||   781
         Iskenderun's Myst |       |       |       |    21 |   111 |    45 |    58 |    51 |    10 ||   296
         Fireball          |       |       |       |     7 |   191 |   387 |   278 |   243 |    56 ||  1162
         Blink             |       |       |       |     1 |     7 |     6 |    77 |    13 |    28 ||   132
         Mephitic Cloud    |       |       |       |       |    10 |     1 |       |     1 |     1 ||    13
         Passwall          |       |       |       |       |     1 |     2 |       |       |       ||     3
         Olgreb's Toxic Ra |       |       |       |       |    15 |       |     4 |     1 |       ||    20
         Tukima's Dance    |       |       |       |       |    12 |     9 |       |     1 |       ||    22
         Yara's Violent Un |       |       |       |       |     8 |    17 |    25 |    13 |    21 ||    84
         Orb of Destructio |       |       |       |       |       |   210 |   254 |   255 |   150 ||   869
         Iron Shot         |       |       |       |       |       |       |   107 |   374 |   243 ||   724
         Summon Mana Viper |       |       |       |       |       |       |       |       |     8 ||     8
         Starburst         |       |       |       |       |       |       |       |       |     9 ||     9
 Invoke: Potion Petition   |       |       |       |     1 |       |     3 |     4 |     4 |     6 ||    18
         Call Merchant     |       |       |       |       |       |       |       |       |    11 ||    11
  Evoke: Wand              |       |       |     4 |     5 |     4 |     3 |     5 |     2 |       ||    23
         Phantom mirror    |       |       |       |       |       |       |       |     1 |       ||     1
    Use: Scroll            |       |       |     8 |    10 |    13 |     3 |     4 |    10 |     9 ||    57
         Potion            |       |       |     1 |     5 |     5 |     1 |       |       |    14 ||    26
   Stab: Sleeping          |     3 |     1 |     5 |     2 |     9 |     1 |     3 |    17 |     2 ||    43
         Invisible         |       |       |     3 |     3 |    17 |    22 |       |       |       ||    45
         Distracted        |       |       |     1 |     1 |     3 |       |     2 |     1 |     1 ||     9
         Confused          |       |       |       |       |     3 |     1 |       |     1 |     1 ||     6
         Paralysed         |       |       |       |       |       |       |     6 |       |       ||     6
 Armour: Robe              |     9 |     7 |       |     2 |       |       |       |       |       ||    18
         Leather armour    |       |    28 |    65 |    77 |   175 |   132 |    82 |   136 |   112 ||   807
  Dodge: Dodged            |    12 |    28 |    76 |   123 |   277 |   223 |   203 |   316 |   114 ||  1372
         Repelled          |       |       |       |       |       |       |       |     7 |       ||     7
  Block: Other             |     2 |    18 |    34 |     7 |       |       |       |       |       ||    61
         Reflection        |       |     1 |       |     7 |    39 |    46 |    29 |    46 |     3 ||   171
         Buckler           |       |       |       |   114 |   338 |   116 |       |       |       ||   568
         Kite shield       |       |       |       |       |       |   159 |   221 |   401 |   221 ||  1002
